 Dungeon Crawl Stone Soup version 0.31-a0-431-g88bdf31460 (webtiles) character file.

Game seed: 5624876770876035173

511 zero the Grappler (level 6, 0/54 HPs)
             Began as a Troll Shapeshifter on July 31, 2023.
             Slain by Prince Ribbit (6 damage)
             ... on level 5 of the Dungeon.
             The game lasted 00:02:29 (2955 turns).

zero the Grappler (Troll Shapeshifter)              Turns: 2955, Time: 00:02:29

Health: 0/54       AC:  4    Str: 26    XL:     6   Next: 99%
Magic:  5/5        EV:  9    Int:  4    God:
Gold:   182        SH:  0    Dex: 10    Spells: 5/5 levels left

rFire   . .          .
                       - Unarmed
rCold   . . .        (no shield)
rNeg    . . .        a - +0 animal skin
rPois   .            (helmet currently unavailable)
rElec   .            (cloak currently unavailable)
rCorr   .            (gloves unavailable)
SInv    .            (boots unavailable)
Will    .....        (no amulet)
Stlth   +            (no ring)
HPRegen 1.09/turn    (no ring)
MPRegen 0.09/turn

%: no passive effects
@: beast-form
A: beast (slay +2), large, unfitting armour, claws 3, regeneration 1, shaggy fur
1, tough skin 1
a: Begin Untransformation


You were on level 5 of the Dungeon.
You were a hulking beast.
You visited 1 branch of the dungeon, and saw 5 of its levels.

You collected 182 gold pieces.

Inventory:

Missiles
 d - 4 datura-tipped darts
 u - a throwing net
Armour
 a - a +0 animal skin (worn)
Talismans
 c - a beast talisman (active)
Wands
 g - a wand of mindburst (12)
 q - a wand of quicksilver (9)
 t - a wand of roots (7)
Scrolls
 h - 2 scrolls of teleportation {unknown}
 j - a scroll of identify {unknown}
 k - 3 scrolls of immolation {unknown}
 l - a scroll of fear {unknown}
 m - 4 scrolls of revelation {unknown}
 o - a scroll of brand weapon {unknown}
 p - a scroll of amnesia {unknown}
 r - a scroll of fog {unknown}
Potions
 b - a potion of lignification
 e - a potion of berserk rage {unknown}
 f - 5 potions of curing {unknown}
 i - a potion of brilliance {unknown}
 n - 2 potions of might {unknown}
 s - a potion of attraction {unknown}


   Skills:
 - Level 0.7 Fighting
 - Level 1.5 Dodging
 + Level 8.0 Unarmed Combat
 - Level 3.0 Shapeshifting


You had 5 spell levels left.
You didn't know any spells.
Your spell library contained the following spells:

 Spells                   Type           Power      Damage    Failure   Level
 Summon Small Mammal      Summ           0%         N/A       50%         1
 Lesser Beckoning         Tloc           0%         N/A       65%         2
 Call Canine Familiar     Summ           0%         N/A       86%         3
 Gell's Gravitas          Tloc           0%         N/A       86%         3
 Inner Flame              Hex/Fire       0%         N/A       86%         3
 Summon Guardian Golem    Hex/Summ       0%         N/A       86%         3
 Teleport Other           Tloc           0%         N/A       86%         3
 Yara's Violent Unravell  Hex/Tmut       0%         3d3       100%        5
 Enfeeble                 Hex            0%         N/A       100%        7
 Orb of Destruction       Conj           0%         9d5       100%        7
 Spellforged Servitor     Conj/Summ      0%         N/A       100%        7


Dungeon Overview and Level Annotations

Branches:
Dungeon (5/15)
 Temple: D:4-7

Altars:

Annotations:
D:5 Prince Ribbit


Innate Abilities, Weirdness & Mutations

You are a hulking beast.
Your limbs bulge with bestial killing power. (Slay +2)
You are too large for most types of armour.
You have claws for hands.
Your natural rate of healing is unusually fast.
You are covered in fur. (AC +1)
You have tough skin. (AC +1)


Message History

The orc priest mumbles some strange prayers to Beogh against you.
Beogh smites you!
Prince Ribbit comes into view.
The orc hits you but does no damage.
The orc priest looks satisfied for a moment.
Things that are here:
a +0 hand axe; a +0 leather armour You barely miss the orc.
The orc hits you with a +0 dagger.
You mangle the orc!!
You kill the orc!
Prince Ribbit croaks regally.
The orc priest invokes the aid of Beogh against you.
Pain shoots through your body!
Things that are here:
a +0 dagger; an orc corpse You completely miss the orc priest.
The orc priest invokes the aid of Beogh against you.
Beogh smites you!
You scratch the orc priest.
The orc priest is moderately wounded.
The orc priest misses you.
You claw the orc priest!
You kill the orc priest!
Prince Ribbit barely misses you.
Your Unarmed Combat skill increases to level 8!
Prince Ribbit blinks!
Things that are here:
a +0 club; a +0 chain mail
Things that are here:
a +0 dagger; an orc corpse
Things that are here:
a +0 hand axe; a +0 leather armour Prince Ribbit croaks regally.
You see here a water moccasin corpse.
You barely miss Prince Ribbit.
Prince Ribbit blinks!
Prince Ribbit hits you!
There is a stone staircase leading up here.
Prince Ribbit hits you!
* * * LOW HITPOINT WARNING * * *
Prince Ribbit hits you.
You die...

.... ... .# #..
..## #.. ...#
##..####...##
#.#...#.#......
##.......#......
#......h.........
##..)###F..##.)..
#. #)#.##....
#..##)........
#....).......
##...#.......
#..##.$##### #..
..# ##. .##


You could see Prince Ribbit.

Vanquished Creatures
  A water moccasin (D:5)
  2 hounds
  2 orc priests
  An iguana (D:4)
  3 orc wizards (D:4)
  3 gnolls (D:4)
  9 adders
  2 worms (D:2)
  4 dart slugs
  8 orcs
  5 endoplasms
  2 giant cockroaches
  5 hobgoblins
  2 jackals (D:4)
  8 kobolds
  3 quokkas
  6 ball pythons
  5 bats
  3 frilled lizards
  7 goblins
  7 rats
88 creatures vanquished.

Notes
Turn   | Place    | Note
-------+----------+-------------------------------------------
     0 | D:1      | zero the Troll Shapeshifter began the quest for the Orb.
     0 | D:1      | Reached XP level 1. HP: 18/18 MP: 0/0
   157 | D:1      | Reached XP level 2. HP: 13/26 MP: 1/1
   356 | D:1      | Found a faded altar of an unknown god.
   991 | D:2      | Reached skill level 4 in Unarmed Combat
   991 | D:2      | Reached XP level 3. HP: 32/32 MP: 2/2
  1329 | D:2      | Reached skill level 5 in Unarmed Combat
  1329 | D:2      | Reached XP level 4. HP: 35/40 MP: 3/3
  1654 | D:3      | Reached XP level 5. HP: 44/46 MP: 4/4
  1691 | D:3      | Reached skill level 6 in Unarmed Combat
  2273 | D:4      | Reached XP level 6. HP: 54/54 MP: 5/5
  2337 | D:4      | Reached skill level 7 in Unarmed Combat
  2933 | D:5      | Entered Level 5 of the Dungeon
  2933 | D:5      | Noticed a water moccasin
  2938 | D:5      | Killed a water moccasin
  2942 | D:5      | Noticed Prince Ribbit
  2949 | D:5      | Reached skill level 8 in Unarmed Combat
  2955 | D:5      | Slain by Prince Ribbit

Illustrated notes

Levels and vault maps discovered:
D:1:      psy_arrival_radial02, layout_loops_ring,
          ebering_ecumenical_altar_sacrificial
D:2:      layout_loops_ring, minmay_tripent
D:3:      layout_rooms, kennysheep_generic_room_14
D:4:      layout_loops_ring, minivault_25, minivault_24, grunt_ministairs_2,
          hangedman_glass_teeth
D:5:      layout_cave_pools, uniq_prince_ribbit1

Skill      XL: |  1  2  3  4  5  6 |
---------------+-------------------+-----
Unarmed Combat | 4 5 6 8 |  8.0
Fighting       | |  0.7
Dodging        | |  1.5
Shapeshifting  | |  3.0

Action                     |  1- 3 |  4- 6 || total
---------------------------+-------+-------++-------
  Melee: Unarmed           |    78 |   133 ||   211
         Punch             |     2 |     2 ||     4
  Throw: Dart              |     1 |       ||     1
   Stab: Sleeping          |     2 |     2 ||     4
 Armour: Animal skin       |    21 |    31 ||    52
  Dodge: Dodged            |    48 |    44 ||    92

Table legend: (Time is in decaauts)
 A = Elapsed time spent in this place.
 B = Non-inter-level travel time spent in this place.
 C = Inter-level travel time spent in this place.
 D = Time resting spent in this place.
 E = Time spent auto-exploring this place.
 F = Levels seen in this place.
 G = Mean time per level.
                   A        B        C        D        E       F      G
               +--------+--------+--------+--------+--------+-----+--------+
         Total |   2932 |   2831 |    101 |    231 |   2118 |   5 |  586.4 |
       Dungeon |   2932 |   2831 |    101 |    231 |   2118 |   5 |  586.4 |
               +--------+--------+--------+--------+--------+-----+--------+

Top non-repeatable levels by time:
     D:1: 888 daAuts
     D:4: 862 daAuts
     D:2: 645 daAuts
     D:3: 516 daAuts
     D:5: 20 daAuts
